 Dungeon Crawl Stone Soup version 0.20.1-1-g8b1a95d (webtiles) character file.

3118 manon the Basher (level 9, -1/51 HPs)
             Began as a Gargoyle Fighter on Sept 8, 2017.
             Was a Priest of Cheibriados.
             Killed from afar by a steam dragon (20 damage)
             ... with a ball of steam
             ... on level 8 of the Dungeon.
             The game lasted 00:44:35 (7571 turns).

manon the Basher (Gargoyle Fighter)                 Turns: 7571, Time: 00:44:35

Health: -1/51      AC: 15    Str: 27    XL:     9   Next: 91%
Magic:  12/12      EV:  8    Int: 21    God:    Cheibriados [***...]
Gold:   376        SH: 11    Dex: 15    Spells: 5/8 levels left

rFire    . . .     SeeInvis .   a - +0 morningstar
rCold    . . .     Gourm    +   c - +0 shield
rNeg     + . .     Faith    .   M - +0 scale mail
rPois    ∞         Spirit   .   (no helmet)
rElec    +         Reflect  .   (no cloak)
rCorr    .         Harm     .   x - +1 pair of gloves
MR       +....     Clarity  +   (no boots)
Stlth    ..........             E - amulet of the gourmand
Regen    0.2/turn               J - ring of protection from magic
MPRegen  0.2/turn               F - +4 ring of intelligence

@: very slow
A: hooves 1, clarity, negative energy resistance 1, electricity resistance,
unbreathing, petrification resistance, rot immunity, AC +5
a: Bend Time, Temporal Distortion, Renounce Religion


You were on level 8 of the Dungeon.
You worshipped Cheibriados.
Cheibriados was most pleased with you.
You were completely stuffed.

You visited 2 branches of the dungeon, and saw 9 of its levels.

You collected 376 gold pieces.

Inventory:

Hand Weapons
 a - a +0 morningstar (weapon)
 b - a +0 hunting sling of flaming
 e - a +0 hunting sling
 n - a +0 flail
Missiles
 g - 114 sling bullets
 r - 71 bolts
 G - 5 tomahawks (quivered)
Armour
 c - a +0 shield (worn)
 v - +0 ice dragon scales
 x - a +1 pair of gloves (worn)
 B - a +0 pair of boots
 M - a +0 scale mail (worn)
 U - a +1 pair of boots
Jewellery
 t - an uncursed ring of ice
 E - an amulet of the gourmand (around neck)
 F - a +4 ring of intelligence (right hand)
 J - a ring of protection from magic (left hand)
Wands
 k - a wand of disintegration (9/24)
 N - a wand of clouds (5/9)
 Q - a wand of flame (37/48)
Scrolls
 d - 3 scrolls of teleportation {unknown}
 f - 2 scrolls of noise {unknown}
 h - 2 scrolls of enchant armour {unknown}
 i - a scroll of immolation {unknown}
 j - 2 scrolls of recharging {unknown}
 m - 7 scrolls of remove curse
 o - 2 scrolls of blinking {unknown}
 p - 3 scrolls of enchant weapon {unknown}
 q - 4 scrolls of magic mapping {unknown}
 w - a scroll of fog {unknown}
 D - a scroll of vulnerability {unknown}
 K - a scroll of amnesia {unknown}
 P - a scroll of torment {unknown}
 R - 3 scrolls of identify
 T - a scroll of fear {unknown}
Potions
 l - a potion of ambrosia {unknown}
 z - a potion of curing
 C - 2 potions of mutation
 H - a potion of agility
 L - a potion of flight
 O - a potion of heal wounds {unknown}
 V - a potion of brilliance {unknown}
Books
 y - a book of Necromancy

   Spells                             Type                      Level
   a - Pain                           Necromancy                   1
   b - Animate Skeleton               Necromancy                   1
   c - Vampiric Draining              Necromancy                   3
   d - Regeneration                   Charms/Necromancy            3
   e - Animate Dead                   Necromancy                   4
   f - Control Undead                 Necromancy                   4
Comestibles
 s - 4 fruits
 u - 3 bread rations
 A - 5 meat rations
 I - a royal jelly


   Skills:
 - Level 3.2 Fighting
 * Level 11.5 Maces & Flails
 + Level 5.5 Armour
 + Level 5.4 Shields
 + Level 4.0 Invocations


You had 5 spell levels left.
You knew the following spells:

 Your Spells              Type           Power        Failure   Level  Hunger
a - Regeneration          Chrm/Necr      #.........   98%         3    ####...


Dungeon Overview and Level Annotations

Branches:
Dungeon (8/15)             Temple (1/1) D:4
   Lair: D:8-11

Altars:
Ashenzari
Cheibriados
Dithmenos
Elyvilon
Gozag
Hepliaklqana
Okawaru
Qazlal
Sif Muna
Trog
Uskayaw
Xom
Yredelemnul
The Shining One

Shops:
D:4 *

Annotations:
D:6 kaze's ghost, novice HOBe


Innate Abilities, Weirdness & Mutations

You are resistant to torment.
Your stone body is resilient. (AC +5)
You are immune to poison.
You resist negative energy. (rN+)
You are resistant to electric shocks. (rElec)
You can survive without breathing.
You are immune to petrification.
You are immune to rotting.
You have large cloven feet.
You possess an exceptional clarity of mind.


Message History

The tomahawk hits you but does no damage.
The steam dragon breathes steam at you. The ball of steam hits you!
The orc is engulfed in a cloud of scalding steam.
The orc dies!
The steam dragon breathes steam at you. The ball of steam hits you!
You see here 2 tomahawks.
You barely miss the steam dragon. You kick the steam dragon.
The steam dragon is lightly wounded.
You are engulfed in a cloud of scalding steam.
* * * LOW HITPOINT WARNING * * *
You block the steam dragon's attack.
The steam dragon claws you but does no damage.
You feel better.
You are engulfed in a cloud of scalding steam.
You block the steam dragon's attack. x2
The steam dragon breathes steam at you. The ball of steam hits you!
You die...

.......<..#
#########.#
#####.....#
..........######
...............#
.......##..###.#
.....a. #..###.###
....... #........#
.....?.##@.§##...#
.......D§.§§§#...#
.......###.#.#...#
####+## #.#.#...#
#.# #...# #.#
#...# #.#.#...#
#.#.#...##
#.#......#


You could see a steam dragon.

Vanquished Creatures
  A centaur warrior (D:8)
  Joseph (D:7)
  Prince Ribbit (D:7)
  2 ice beasts
  A centaur (D:8)
  An ogre (D:8)
  3 bullfrogs
  6 scorpions
  6 crimson imps
  A centaur zombie (D:5)
  A bullfrog zombie (D:6)
  4 hounds
  A jelly (D:8)
  3 orc wizards
  A bullfrog skeleton (D:4)
  Ijyb (D:3)
  An iguana (D:3)
  8 worker ants
  A killer bee zombie (D:8)
  A worker ant zombie (D:7)
  8 gnolls
  9 adders
  2 shadow imps
  An ooze (D:1)
  3 adder zombies
  An adder skeleton (D:8)
  3 worms
  3 dart slugs
  5 leopard geckos
  23 orcs
  4 ball pythons
  7 giant cockroaches
  3 goblins
  7 hobgoblins
  10 jackals (D:3)
  5 quokkas
  A ball python zombie (D:5)
  11 bats
  4 frilled lizards
  A jackal skeleton (D:7)
  3 kobolds
  A quokka skeleton (D:4)
  6 rats
166 creatures vanquished.

Vanquished Creatures (others)
  An orc (D:8)
1 creature vanquished.

Grand Total: 167 creatures vanquished

Notes
Turn   | Place    | Note
-------+----------+-------------------------------------------
     0 | D:1      | manon the Gargoyle Fighter began the quest for the Orb.
     0 | D:1      | Reached XP level 1. HP: 14/14 MP: 1/1
   377 | D:1      | Reached XP level 2. HP: 14/19 MP: 2/2
   451 | D:1      | Reached skill level 3 in Maces & Flails
   517 | D:1      | Reached XP level 3. HP: 7/23 MP: 3/3
  1402 | D:2      | Reached skill level 4 in Maces & Flails
  1425 | D:2      | Reached XP level 4. HP: 25/28 MP: 4/4
  1903 | D:2      | Found a deep blue altar of Sif Muna.
  2280 | D:3      | Noticed Ijyb
  2280 | D:3      | Reached skill level 5 in Maces & Flails
  2283 | D:3      | Reached XP level 5. HP: 32/32 MP: 5/5
  2323 | D:3      | Gained mutation: You possess an exceptional clarity of mind. [potion of mutation]
  2323 | D:3      | Gained mutation: You have large cloven feet. [potion of mutation]
  2331 | D:3      | Killed Ijyb
  2734 | D:3      | Reached skill level 6 in Maces & Flails
  2734 | D:3      | Reached XP level 6. HP: 11/37 MP: 6/6
  3835 | D:4      | Found a staircase to the Ecumenical Temple.
  3846 | Temple   | Entered the Ecumenical Temple
  4534 | D:4      | Learned a level 3 spell: Regeneration
  4596 | D:4      | Found a white marble altar of Elyvilon.
  4741 | D:4      | Found Umideph's Assorted Antiques.
  4783 | D:4      | Reached skill level 7 in Maces & Flails
  5107 | Temple   | Became a worshipper of Cheibriados the Contemplative
  5125 | D:5      | Entered Level 5 of the Dungeon
  5221 | D:5      | Reached XP level 7. HP: 36/41 MP: 7/7
  5364 | D:5      | Reached skill level 8 in Maces & Flails
  5421 | D:5      | Found a shattered altar of Ashenzari.
  5487 | D:5      | Reached * piety under Cheibriados
  5889 | D:6      | Noticed kaze's ghost (novice HOBe)
  6110 | D:6      | Found an iron altar of Okawaru.
  6138 | D:6      | Reached skill level 9 in Maces & Flails
  6138 | D:6      | Reached XP level 8. HP: 44/46 MP: 8/8
  6368 | D:6      | Got a translucent scale mail
  6369 | D:6      | Identified the cursed +1 scale mail "Seufyh" {+Blink} (You found it on level 6 of the Dungeon)
  6479 | D:7      | Reached ** piety under Cheibriados
  6598 | D:7      | Noticed Prince Ribbit
  6675 | D:7      | Killed Prince Ribbit
  6675 | D:7      | Reached skill level 10 in Maces & Flails
  6814 | D:7      | Reached skill level 1 in Invocations
  7010 | D:7      | Noticed Joseph
  7020 | D:7      | Killed Joseph
  7020 | D:7      | Reached XP level 9. HP: 33/51 MP: 10/10
  7317 | D:8      | Noticed a centaur warrior
  7320 | D:8      | Reached skill level 11 in Maces & Flails
  7331 | D:8      | Killed a centaur warrior
  7331 | D:8      | Reached skill level 5 in Armour
  7331 | D:8      | Reached skill level 5 in Shields
  7524 | D:8      | Reached *** piety under Cheibriados
  7571 | D:8      | Killed from afar by a steam dragon

Skill      XL: |  1  2  3  4  5  6  7  8  9 |
---------------+----------------------------+-----
Maces & Flails | 3 4 5 6 7 9 10 11 | 11.5
Invocations    | 2 4 |  4.0
Armour         | 4 5 |  5.5
Shields        | 4 5 |  5.4
Fighting       | |  3.2

Action                   |  1- 3 |  4- 6 |  7- 9 || total
-------------------------+-------+-------+-------++-------
Melee: Flail             |    81 |   323 |    59 ||   463
       Kick              |       |    45 |    93 ||   138
       Morningstar       |       |       |   233 ||   233
 Fire: Hunting sling     |       |       |     9 ||     9
Invok: Bend Time         |       |       |     2 ||     2
  Use: Potion            |     1 |     6 |     3 ||    10
       Scroll            |       |       |     6 ||     6
  Eat: Bread ration      |     1 |       |       ||     1
       Chunk             |       |    10 |    16 ||    26
Armor: Scale mail        |    35 |   243 |   116 ||   394
       Skin              |       |    73 |       ||    73
Dodge: Dodged            |    27 |   144 |    87 ||   258
Block: Shield            |    39 |   227 |   151 ||   417
